 Dungeon Crawl Stone Soup version 0.24-a0-475-g5b41c6f (webtiles) character file.

Game seed: 6212046332851929036

2034 Spazmo the Thaumaturge (level 9, -9/46 HPs)
             Began as a Deep Elf Fire Elementalist on July 4, 2019.
             Mangled by Harold
             ... wielding a +0 hand axe
              (12 damage)
             ... on level 6 of the Dungeon on July 5, 2019.
             The game lasted 00:14:29 (4995 turns).

Spazmo the Thaumaturge (Deep Elf Fire Elementalist) Turns: 4995, Time: 00:14:29

Health: -9/46      AC:  5    Str:  6 (7)  XL:     9   Next: 3%
Magic:  16/24      EV: 13    Int: 21 (24) God:
Gold:   325        SH:  0    Dex: 12 (15) Spells: 11/26 levels left

rFire    + . .     SeeInvis .   k - +2 short sword (freeze)
rCold    + . .     Gourm    .   (no shield)
rNeg     . . .     Faith    .   a - +1 robe
rPois    +         Spirit   .   n - +0 helmet
rElec    +         Reflect  .   (no cloak)
rCorr    +         Harm     .   (no gloves)
MR       .....                  (no boots)
Stlth    ++........             r - amulet of the acrobat
HPRegen  0.15/turn              f - ring of wizardry
MPRegen  0.19/turn              e - ring of poison resistance

@: resistant, marked
A: rugged brown scales 1, strong 1
a: no special abilities


You were on level 6 of the Dungeon.
You were not hungry.

You visited 2 branches of the dungeon, and saw 8 of its levels.

You collected 325 gold pieces.

Inventory:

Hand Weapons
 k - a +2 short sword of freezing (weapon)
Missiles
 b - 279 stones (quivered)
Armour
 a - a +1 robe (worn)
 n - a +0 helmet (worn)
Jewellery
 e - a ring of poison resistance (right hand)
 f - a ring of wizardry (left hand)
 r - an amulet of the acrobat (around neck)
 u - an uncursed ring of resist corrosion
Wands
 p - a wand of polymorph (11)
 t - a wand of paralysis (8)
Scrolls
 d - 9 scrolls of identify
 i - 5 scrolls of remove curse
 q - 4 scrolls of teleportation
 s - a scroll of fog
 w - a scroll of amnesia
Potions
 h - a potion of brilliance {unknown}
 j - a potion of magic
 m - a potion of heal wounds {unknown}
 o - 3 potions of haste
 x - a potion of might {unknown}
 z - a potion of agility
 A - a potion of mutation
Comestibles
 c - 12 rations


   Skills:
 - Level 2.6 Dodging
 - Level 2.6 Stealth
 + Level 9.3 Spellcasting
 + Level 7.4 Conjurations
 + Level 8.2 Fire Magic


You had 11 spell levels left.
You knew the following spells:

 Your Spells              Type           Power        Failure   Level  Hunger
a - Flame Tongue          Conj/Fire      #####        1%          1    None
b - Throw Flame           Conj/Fire      #####.       1%          2    None
c - Conjure Flame         Conj/Fire      #####...     1%          3    None
d - Sticky Flame          Conj/Fire      #####...     1%          4    ##.....
e - Fireball              Conj/Fire      #####.....   3%          5    #####..

Your spell library contained the following spells:

 Spells                   Type           Power        Failure   Level  Hunger
 Inner Flame              Hex/Fire       ####....     1%          3    None
 Confusing Touch          Hex            #.....       2%          1    None
 Confuse                  Hex            #.......     9%          3    None
 Gell's Gravitas          Tloc           #.........   9%          3    None
 Petrify                  Tmut/Erth      #.......     26%         4    ##.....
 Metabolic Englaciation   Hex/Ice        #.........   56%         5    #####..
 Yara's Violent Unravell  Hex/Tmut       #.........   56%         5    #####..


Dungeon Overview and Level Annotations

Branches:
Dungeon (7/15)             Temple (1/1) D:4

Altars:
Ashenzari
Cheibriados
Dithmenos
Elyvilon
Fedhas
Hepliaklqana
Makhleb
Nemelex Xobeh
Okawaru
Qazlal
Ru
Trog
Uskayaw
Wu Jian
Yredelemnul

Annotations:
D:6 Harold


Innate Abilities, Weirdness & Mutations

You are partially covered in rugged brown scales. (AC +1, +3% HP)
Your muscles are strong. (Str +2)


Message History

The mark upon you grows brighter.
Casting: Flame Tongue (safe; 1% risk of failure)
Confirm with . or Enter, or press ? or * to list all spells.
Aiming: Sticky Flame (safe; 1% risk of failure)
Press: ? - help, Shift-Dir - straight line, f/p - Harold
Aim: Harold, wielding a +0 hand axe and wearing a +0 chain mail (moderately wounded)
The sticky flame hits Harold.
Harold is moderately wounded.
Harold is covered in liquid flames!
Harold burns!
Harold hits you with a +0 hand axe!
Harold burns!
Harold burns!
Harold casts a spell at you. The harpoon shot hits you!!
* * * LOW HITPOINT WARNING * * *
You are yanked forward by the harpoon shot.
It was a potion of resistance.
You feel protected.
Harold burns!
Harold hits you with a +0 hand axe!
You die...

#.# #.# #.###.###.#
#.########. #.# #.# #.#
#.# #.# #.# #. #.# #.#
#.# #.###.####.### #.
#.# #.# #.#
#............# #.
##.###.# #.#
##.#..##.###.# #.
.......# #.# #.......#
#.######. ##.#####
#.####.....#.###........
#..#
#.........(#......######
...#
######.@.#......#.......
...###
#.>@#..............
.....######
#...##>####.#######
..........# #...##.# #.#
## .....####.#
#...##.####.# ####.
...### #.#
#...........###.... ...#
#.# ##....##.###.^.....
#.## #.# ##.#.##.#
#.##..<. #.# #.#
#.#.##.# #.......


You could see Harold (burning).

Vanquished Creatures
  Pikel (D:4)
  Menkaure (D:5)
  Edmund (D:5)
  A phantom (D:3)
  A sky beast (D:5)
  3 ogres
  A centaur (D:6)
  2 elf zombies (D:4)
  4 scorpions
  A howler monkey (D:5)
  A crimson imp (D:5)
  A human zombie (D:4)
  An orc priest (D:4)
  Natasha (D:4)
  An orc wizard (D:4)
  A human skeleton (D:4)
  3 worker ants
  A worker ant zombie (D:5)
  Robin (D:2)
  7 gnolls
  5 adders
  2 oozes
  An adder skeleton (D:4)
  A worm (D:3)
  A dart slug (D:2)
  7 leopard geckos
  2 orcs
  4 giant cockroaches
  14 goblins
  11 hobgoblins
  10 jackals
  7 kobolds
  2 quokkas (D:5)
  2 ball pythons (D:3)
  9 bats
  7 frilled lizards
  2 orc skeletons (D:4)
  6 rats
127 creatures vanquished.

Vanquished Creatures (others)
  A slave (D:4)
  Natasha (twice) (D:4)
  An adder (D:4)
4 creatures vanquished.

Grand Total: 131 creatures vanquished

Notes
Turn   | Place    | Note
-------+----------+-------------------------------------------
     0 | D:1      | Spazmo the Deep Elf Fire Elementalist began the quest for
                  | the Orb.
     0 | D:1      | Reached XP level 1. HP: 10/10 MP: 6/6
    99 | D:1      | Reached XP level 2. HP: 15/15 MP: 6/8
   103 | D:1      | Learned a level 2 spell: Throw Flame
   626 | D:2      | Noticed Robin
   776 | D:2      | Reached XP level 3. HP: 19/19 MP: 8/10
   787 | D:2      | Learned a level 3 spell: Conjure Flame
   804 | D:2      | Killed Robin
  1020 | D:2      | Reached skill level 4 in Spellcasting
  1025 | D:2      | Reached XP level 4. HP: 24/24 MP: 2/12
  1333 | D:2      | Learned a level 4 spell: Sticky Flame
  1719 | D:3      | Noticed a phantom
  1730 | D:3      | Killed a phantom
  1730 | D:3      | Reached skill level 5 in Spellcasting
  1730 | D:3      | Reached XP level 5. HP: 19/28 MP: 3/14
  2002 | D:3      | You fall into a shaft and drop 2 floors!
  2002 | D:5      | Entered Level 5 of the Dungeon
  2044 | D:5      | Reached skill level 5 in Fire Magic
  2044 | D:5      | Reached XP level 6. HP: 29/32 MP: 9/16
  2051 | D:5      | Learned a level 5 spell: Fireball
  2179 | D:4      | Noticed a slave
  2627 | D:4      | Noticed Pikel
  2627 | D:4      | Noticed a slave
  2627 | D:4      | Noticed a slave
  2645 | D:4      | Noticed a slave
  2649 | D:4      | Killed Pikel
  2649 | D:4      | Reached skill level 7 in Spellcasting
  2649 | D:4      | Reached skill level 5 in Conjurations
  2649 | D:4      | Reached XP level 7. HP: 36/36 MP: 4/19
  2749 | D:4      | Found a staircase to the Ecumenical Temple.
  2759 | Temple   | Entered the Ecumenical Temple
  3000 | D:4      | Found a shattered altar of Ashenzari.
  3047 | D:4      | Noticed Natasha
  3052 | D:4      | Killed Natasha
  3055 | D:4      | Reached XP level 8. HP: 14/41 MP: 10/21
  3166 | D:4      | Killed Natasha
  3467 | D:4      | Killed Natasha
  3475 | D:4      | Reached skill level 8 in Spellcasting
  3686 | D:5      | Noticed Edmund
  3695 | D:5      | Killed Edmund
  3779 | D:5      | Noticed Menkaure
  3785 | D:5      | Killed Menkaure
  3785 | D:5      | Reached skill level 9 in Spellcasting
  4164 | D:5      | Identified a scroll of acquirement
  4165 | D:5      | Got a scorched shield
  4214 | D:6      | Found an ornate altar of the Wu Jian Council.
  4287 | D:6      | Reached XP level 9. HP: 45/45 MP: 18/24
  4436 | D:6      | Found a blossoming altar of Fedhas.
  4586 | D:6      | Found a sacrificial altar of Ru.
  4712 | D:6      | Found a sparkling altar of Nemelex Xobeh.
  4813 | D:6      | Gained mutation: You are partially covered in rugged brown
                  | scales. (AC +1, +3% HP) [potion of mutation]
  4813 | D:6      | Gained mutation: Your muscles are strong. (Str +2) [potion
                  | of mutation]
  4888 | D:6      | Upgraded the game from 0.24-a0-474-g47c397e to
                  | 0.24-a0-475-g5b41c6f
  4935 | D:7      | Noticed Harold
  4995 | D:6      | Mangled by Harold

Levels and vault maps discovered:
D:1:      lightli_iron_boxes, layout_basic
D:2:      layout_rooms, uniq_robin
D:3:      layout_loops_ring
D:4:      layout_basic, kennysheep_little_box,
          minmay_temple_entry_statues_fountains,
          nicolae_ossuary_entry_catacombs, minmay_misc_feat_tower,
          kennysheep_nub, uniq_pikel, uniq_natasha
D:5:      layout_loops_ring, first_ration, uniq_menkaure, uniq_edmund
D:6:      layout_loops_ring, lemuel_doored_altar, fedhas_ov_isle_minmay,
          nicolae_overflow_hidden_temple, lemuel_crystal_altar
D:7:      layout_cave_pools, palyth_temple_overflow_mages, xom_butterflies,
          kennysheep_generic_room_7, uniq_harold
Temple:   jpeg_temple_alley_garden

Skill      XL: |  1  2  3  4  5  6  7  8 |
---------------+-------------------------+-----
Conjurations   | 2 3 5 7 |  7.4
Spellcasting   | 4 5 7 9 |  9.3
Fire Magic     | 4 5 6 8 |  8.2
Dodging        | |  2.6
Stealth        | |  2.6

Action                   |  1- 3 |  4- 6 |  7- 9 || total
-------------------------+-------+-------+-------++-------
Melee: Unarmed           |     3 |       |       ||     3
       Short sword       |    13 |     7 |    32 ||    52
 Cast: Flame Tongue      |    63 |   112 |    71 ||   246
       Throw Flame       |     1 |       |     9 ||    10
       Sticky Flame      |       |     2 |    13 ||    15
  Use: Scroll            |     2 |     2 |     7 ||    11
       Potion            |       |       |     5 ||     5
  Eat: Chunk             |       |     5 |     5 ||    10
       Ration            |       |       |     1 ||     1
Armor: Robe              |     8 |     4 |     9 ||    21
Dodge: Dodged            |    22 |    25 |    24 ||    71

Table legend:
 A = Non-vault XP
 B = Vault XP
 C = Vault XP percentage of total XP
 D = Non-vault monster count
 E = Vault monster count
 F = Vault count percentage of total count
                 A         B        C        D         E       F
            +---------+---------+-------+---------+---------+-------
      Total |    1620 |    1287 |  44.3 |     106 |      21 |  16.5
            +---------+---------+-------+---------+---------+-------
        D:1 |      25 |       0 |   0.0 |      16 |       0 |   0.0
        D:2 |     105 |      35 |  25.0 |      25 |      11 |  30.6
        D:3 |     239 |       0 |   0.0 |      31 |       0 |   0.0
        D:4 |     514 |     918 |  64.1 |      19 |       8 |  29.6
        D:5 |     547 |     334 |  37.9 |      12 |       2 |  14.3
        D:6 |     190 |       0 |   0.0 |       3 |       0 |   0.0
            +---------+---------+-------+---------+---------+-------
